AoeStats
← YouPotato

Glade

510427788Analyzed
1v1 RM · 20h ago on Oct 1, 2026· 36m 18s· 2 players
Game mode
Random Map
Map size
Tiny (2 player)
Population
200
Speed
Normal
Resources
Standard
Victory
Conquest
Starting age
Dark Age
Ending age
Imperial Age
RankedLock teamsTeams togetherTeam positionsShared explorationLock speedFull tech treeHidden civsTurbo modeCheats
Victory
Defeat
🇺🇸 Sicilians · United States
1083
+15
🇫🇷 Italians · France
1056
-15
[SAPR] Janstonbeats
6:11 Loom
9:19 Feudal Age
10:53 Horse Collar
10:59 Double-Bit Axe
17:10 Castle Age
15:54 Gold Mining
16:48 Gold Mining
19:42 Bow Saw
21:47 Heavy Plow
24:56 Fletching
26:05 Scale Barding Armor
27:19 Wheelbarrow
29:53 Bloodlines
30:10 Bloodlines
30:03 Husbandry
30:34 Bodkin Arrow
32:26 Husbandry
35:20 Forging
YouPotato
0:48 Loom
12:49 Feudal Age
14:25 Horse Collar
14:32 Double-Bit Axe
18:42 Wheelbarrow
21:04 Castle Age
19:07 Scale Mail Armor
19:18 Forging
20:18 Gold Mining
23:07 Forging
22:49 Fletching
23:14 Chain Mail Armor
23:16 Bow Saw
23:15 Heavy Plow
30:09 Pikeman
35:07 Imperial Age
32:50 Bodkin Arrow
Connection lost

Rejoining the realm…

Still unreachable

The connection could not be restored.

Session expired

The server has moved on; the page needs a fresh start.